 Dungeon Crawl Stone Soup version 0.19.1 (webtiles) character file.

186 jerryfan the Magician (level 5, 0/39 HPs)
             Began as a Demigod Wizard on Nov 23, 2016.
             Succumbed to an adder's poison
             ... on level 3 of the Dungeon on Nov 25, 2016.
             The game lasted 00:14:59 (2694 turns).

jerryfan the Magician (Demigod Wizard)              Turns: 2694, Time: 00:15:00

Health: 0/39       AC:  2    Str: 15    XL:     5   Next: 15%
Magic:  13/13      EV: 13    Int: 24    God:
Gold:   173        SH:  0    Dex: 14    Spells: 4 memorised, 2 levels left

rFire  . . .     SeeInvis +     f - +0 dagger
rCold  . . .     Gourm    +     a - +0 robe
rNeg   . . .     Faith    .     (no shield)
rPois  .         Spirit   .     b - +0 hat
rElec  .         Reflect  .     (no cloak)
rCorr  .         Harm     .     (no gloves)
MR     .....     Clarity  +     (no boots)
Stlth  ++........               r - amulet of the gourmand
                                (no ring)
                                j - ring of see invisible

@: mighty, lethally poisoned (0 -> -5)
A: antennae 1, claws 1, hooves 1, clarity, high mp 1, sense surroundings 1,
subdued magic 1
a: no special abilities


You were on level 3 of the Dungeon.
You were very full.

You visited 1 branch of the dungeon, and saw 3 of its levels.

You collected 173 gold pieces.

Inventory:

Hand Weapons
 f - a +0 dagger (weapon)
Missiles
 e - a throwing net
 o - 3 javelins (quivered)
Armour
 a - a +0 robe (worn)
 b - a +0 hat (worn)
 g - a +0 leather armour
Jewellery
 j - a ring of see invisible (left claw)
 r - an amulet of the gourmand (around neck)
Wands
 q - a wand of disintegration (5/24)
Scrolls
 i - a scroll of remove curse
 s - 2 scrolls of identify
Potions
 h - a potion of invisibility {unknown}
 m - a potion of flight {unknown}
 p - a potion of magic {unknown}
Books
 c - a book of Minor Magic

   Spells                             Type                      Level
   a - Magic Dart                     Conjuration                  1
   b - Blink                          Translocation                2
   c - Call Imp                       Summoning                    2
   d - Repel Missiles                 Charms/Air                   2
   e - Slow                           Hexes                        2
   f - Conjure Flame                  Conjuration/Fire             3
   g - Mephitic Cloud                 Conjuration/Poison/Air       3
Comestibles
 d - a bread ration
 k - 2 chunks of flesh
 l - 2 slices of pizza


   Skills:
 + Level 0.8 Fighting
 + Level 1.3 Short Blades
 + Level 1.2 Throwing
 + Level 2.5 Dodging
 + Level 2.3 Stealth
 + Level 0.8 Unarmed Combat
 + Level 3.4 Spellcasting
 + Level 1.6 Conjurations
 + Level 0.8 Summonings
 + Level 0.8 Translocations
 + Level 0.5 Air Magic
 + Level 0.3 Poison Magic


You had 2 spell levels left.
You knew the following spells:

 Your Spells              Type           Power        Failure   Level  Hunger
a - Magic Dart            Conj           #...         6%          1    None
b - Call Imp              Summ           #.......     10%         2    #......
c - Blink                 Tloc           N/A          10%         2    #......
d - Mephitic Cloud        Conj/Pois/Air  #.......     21%         3    ###....


Dungeon Overview and Level Annotations

Branches:
Dungeon (3/15)


Innate Abilities, Weirdness & Mutations

You have an increased reservoir of magic. (+10% MP)
You have a pair of small antennae on your head.
You have sharp fingernails.
You have large cloven feet.
You possess an exceptional clarity of mind.
You passively map a small area around you.
Your spells are a little easier to cast, but a little less powerful.


Message History

Zapping:
q - a wand of disintegration (6/24)
Press: ? - help, Shift-Dir - straight line, f - adder
Aim: an adder (severely wounded, chance to defeat MR: 73%)
The adder struggles to resist.
This wand has 5 charges left.
The leopard gecko misses you. The adder closely misses you.
The kobold misses you. The leopard gecko bites you.
* * * LOW HITPOINT WARNING * * *
You barely miss the adder.
The adder is severely wounded.
You feel sick. The adder bites you.
* * * LOW HITPOINT WARNING * * *
The kobold hits you but does no damage. The leopard gecko barely misses you.
You barely miss the adder.
The adder is severely wounded.
The adder barely misses you. The leopard gecko bites you.
* * * LOW HITPOINT WARNING * * *
The kobold hits you but does no damage. The adder bites you.
* * * LOW HITPOINT WARNING * * *
You feel very mighty all of a sudden.
You die...

#.#.###*.# *
#.....#*<# *
#.....##.######
*, ,
#.....(....S...
* *
#.....##...#...
, #.....#
##...# * * ,
##.########.##
##S##.§...# # *
#bl@......#, ,
#.K#..._§...# >
#..#.§.§§...# ,
....##.....#.#
* ,,
....#######...#
...... ####
.....# * ..###


You could see an adder, a leopard gecko, a bat and a kobold.

Vanquished Creatures
  2 adders (D:2)
  3 gnolls (D:2)
  An ooze (D:1)
  A worm (D:3)
  2 dart slugs
  4 giant cockroaches
  7 hobgoblins
  6 jackals
  A ball python (D:2)
  3 bats
  3 frilled lizards
  6 goblins
  6 kobolds
  6 rats
51 creatures vanquished.

Vanquished Creatures (collateral kills)
  Sigmund (D:2)
  A hobgoblin (D:2)
  2 jackals (D:2)
  A rat (D:2)
5 creatures vanquished.

Vanquished Creatures (others)
  5 toadstools (D:1)
5 creatures vanquished.

Grand Total: 61 creatures vanquished

Notes
Turn   | Place    | Note
-------+----------+-------------------------------------------
     0 | D:1      | jerryfan the Demigod Wizard began the quest for the Orb.
     0 | D:1      | Reached XP level 1. HP: 14/14 MP: 6/6
    51 | D:1      | Gained mutation: You passively map a small area around you. [potion of mutation]
    51 | D:1      | Gained mutation: You possess an exceptional clarity of mind. [potion of mutation]
    51 | D:1      | Gained mutation: You have a pair of small antennae on your head. [potion of mutation]
    72 | D:1      | Reached skill level 3 in Spellcasting
   166 | D:1      | Reached XP level 2. HP: 17/20 MP: 1/8
   272 | D:1      | Learned a level 2 spell: Call Imp
   275 | D:1      | Learned a level 2 spell: Blink
   425 | D:1      | Reached skill level 1 in Conjurations
   645 | D:1      | Upgraded the game from 0.19.0-26-g9e9c210 to 0.19.1
   945 | D:1      | Reached XP level 3. HP: 26/26 MP: 6/10
  1247 | D:2      | Learned a level 3 spell: Mephitic Cloud
  1570 | D:2      | Noticed Sigmund
  1937 | D:2      | Reached XP level 4. HP: 30/33 MP: 3/11
  1941 | D:2      | Killed Sigmund
  1941 | D:2      | Reached skill level 1 in Short Blades
  1941 | D:2      | Reached skill level 1 in Throwing
  1941 | D:2      | Reached XP level 5. HP: 36/39 MP: 3/13
  1973 | D:2      | Gained mutation: You have large cloven feet. [potion of mutation]
  1973 | D:2      | Gained mutation: Your spells are a little easier to cast, but a little less powerful. [potion of mutation]
  1973 | D:2      | Gained mutation: You have sharp fingernails. [potion of mutation]
  1999 | D:2      | Found a shimmering altar of Xom.
  2673 | D:3      | Found a radiant altar of Vehumet.
  2693 | D:3      | HP: 1/39 [adder (3)]
  2694 | D:3      | Succumbed to an adder's poison

Skill      XL: |  1  2  3  4 |
---------------+-------------+-----
Spellcasting   | 3 |  3.4
Dodging        | 2 |  2.5
Conjurations   | 1 |  1.6
Stealth        | 2 |  2.3
Short Blades   | 1 |  1.3
Throwing       | 1 |  1.2
Fighting       | |  0.8
Unarmed Combat | |  0.8
Summonings     | |  0.8
Translocations | |  0.8
Air Magic      | |  0.5
Poison Magic   | |  0.3

Action                   |  1- 3 |  4- 6 || total
-------------------------+-------+-------++-------
Melee: Unarmed           |    53 |       ||    53
       Dagger            |    76 |    93 ||   169
       Kick              |       |    24 ||    24
       Punch             |       |     1 ||     1
Throw: Throwing net      |     2 |       ||     2
       Javelin           |     9 |       ||     9
 Cast: Magic Dart        |    47 |       ||    47
       Call Imp          |     3 |     1 ||     4
       Mephitic Cloud    |     3 |       ||     3
       Blink             |       |     1 ||     1
Evoke: Wand              |       |     1 ||     1
  Use: Potion            |     7 |     2 ||     9
       Scroll            |     3 |     1 ||     4
 Stab: Confused          |     1 |       ||     1
       Distracted        |       |     1 ||     1
       Sleeping          |       |     1 ||     1
  Eat: Meat ration       |     1 |       ||     1
       Chunk             |       |    18 ||    18
Armor: Robe              |    25 |    27 ||    52
Dodge: Dodged            |    88 |    99 ||   187
